 Dungeon Crawl Stone Soup version 0.30-a0-137-gd8773701ce (webtiles) character file.

Game seed: 2679112093552180883

21 Julmuri the Insei (level 3, 0/27 HPs)
             Began as a Djinni Transmuter on Sept 23, 2022.
             Slain by a gnoll
             ... wielding a +0 spear
              (1 damage)
             ... on level 2 of the Dungeon.
             The game lasted 00:04:47 (877 turns).

Julmuri the Insei (Djinni Transmuter)                Turns: 877, Time: 00:04:48

Health: 0/27       AC:  2    Str:  9    XL:     3   Next: 5%
Gold:   34         EV: 12    Int: 16    God:
                   SH:  0    Dex: 13

rFire   + + .      SeeInvis .    g - +0 dagger
rCold   x . .      Faith    .    (no shield)
rNeg    . . .      Spirit   .    a - +0 robe
rPois   ∞          Reflect  .    (no helmet)
rElec   .          Harm     .    (no cloak)
rCorr   .          Rampage  .    (no gloves)
Will    .....                    (boots unavailable)
Stlth   +.........               (no amulet)
HPRegen 0.09/turn                (no ring)
MPRegen 0.00/turn                (no ring)

@: wereblooded, flying
A: sickness immunity, fire resistance 2, cold vulnerability 1, float, innate
caster, HP casting, extra vitality 1
a: no special abilities


You were on level 2 of the Dungeon.
You visited 1 branch of the dungeon, and saw 2 of its levels.

You collected 34 gold pieces.

Inventory:

Hand Weapons
 g - a +0 dagger (weapon)
Armour
 a - a +0 robe (worn)
Scrolls
 c - 2 scrolls of teleportation {unknown}
 d - a scroll of butterflies {unknown}
 e - a scroll of silence {unknown}
Potions
 b - a potion of lignification
 f - a potion of might {unknown}


   Skills:
 + Level 1.0 Fighting
 + Level 2.6 Dodging
 + Level 3.4 Unarmed Combat
 + Level 1.9 Spellcasting


You couldn't memorise any spells.
You knew the following spells:

 Your Spells              Type           Power      Damage    Failure   Level
a - Beastly Appendage     Tmut           14%        N/A       10%         1
b - Wereblood             Tmut           7%         N/A       14%         2
c - Spider Form           Tmut/Pois      7%         N/A       28%         3
d - Ice Form              Ice/Tmut       7%         N/A       67%         4
e - Magic Dart            Conj           28%        1d4       10%         1
Your spell library was empty.

Dungeon Overview and Level Annotations

Branches:
Dungeon (2/15)

Altars:


Innate Abilities, Weirdness & Mutations

You are immune to sickness and miasma.
You are immune to poison.
Your flesh is very heat resistant. (rF++)
You are vulnerable to cold. (rC-)
You float through the air rather than walking.
You learn spells naturally, not from books.
Your magical power is your life essence.
You have superior vitality. (+4 MHP)


Message History

The giant cockroach is severely wounded.
The giant cockroach barely misses you.
You closely miss the giant cockroach.
The giant cockroach is severely wounded.
The giant cockroach barely misses you.
You hit the giant cockroach.
You feel a bit better.
You kill the giant cockroach!
You see here a giant cockroach corpse.
Found an escape hatch in the floor.
Found a stone staircase leading down.
Your primal bloodlust is almost over.
You howl as the wereblood boils in your veins!
A gnoll comes into view. It is wielding a +0 halberd.
The gnoll shouts!
A gnoll comes into view. It is wielding a +0 spear.
Your primal bloodlust has ended.
A gnoll comes into view. It is wielding a +0 spear.
The gnoll shouts!
Casting: Wereblood (safe; 14% risk of failure)
Press: ? - help, Q - select action, (/) - cycle Dir - look around, f - activate Your blood is infused with primal strength.
The gnoll shouts!
The gnoll barely misses you.
The gnoll hits you from afar with a +0 halberd.
The gnoll barely misses you. The gnoll closely misses you.
The gnoll hits you with a +0 halberd!
Ouch! That really hurt!
You hit the gnoll but do no damage. The gnoll barely misses you.
The gnoll hits you from afar with a +0 spear.
* * * LOW HITPOINT WARNING * * *
A rat comes into view.
You hit the gnoll.
The gnoll is lightly wounded.
The gnoll hits you from afar with a +0 spear.
* * * LOW HITPOINT WARNING * * *
The gnoll barely misses you.
You barely miss the gnoll.
The gnoll is lightly wounded.
The gnoll barely misses you.
The gnoll hits you from afar with a +0 spear.
You die...

############>>
#.#.#.#.#.#..###
#.#...#.#.#....
#.###.#.#.#..#
#.#.....#.#..#
#####......†.....#
..........#.#.##.######.#
#######.###.#...........#
#.....# ######@########
#.##### #.ggg..r.. ###.#
#.######## ....# #.#
###.# #.# ### ###


You could see 3 gnolls and a rat.

Vanquished Creatures
  A worm (D:2)
  2 dart slugs
  2 bats (D:2)
  An endoplasm (D:2)
  3 giant cockroaches
  A hobgoblin (D:1)
  A kobold (D:2)
  A ball python (D:1)
  A frilled lizard (D:1)
13 creatures vanquished.

Notes
Turn   | Place    | Note
-------+----------+-------------------------------------------
     0 | D:1      | Julmuri the Djinni Transmuter began the quest for the Orb.
     0 | D:1      | Julmuri set off with the following spells memorised:
                  | Beastly Appendage, Wereblood, Spider Form, Ice Form.
     0 | D:1      | Reached XP level 1. HP: 17/17 MP: 0/0
   323 | D:1      | Reached XP level 2. HP: 11/22 MP: 0/0
   554 | D:2      | Reached XP level 3. HP: 8/27 MP: 0/0
   554 | D:2      | Learned a level 1 spell: Magic Dart
   876 | D:2      | HP: 1/27 [gnoll/+0 spear (5)]
   877 | D:2      | Slain by a gnoll

Illustrated notes

Levels and vault maps discovered:
D:1:      dpeg_arrival_round_b, layout_basic, chequers_ecumenical_altar_island,
          serial_shops, nicolae_shop_behind_doors
D:2:      cheibrodos_greedy_goblins, layout_basic, basic_altar,
          grunt_ministairs_6, dreamdust_wishing_well, hangedman_decor_push,
          uniq_crazy_yiuf_cottage

Action                   || total
-------------------------++-------
Melee: Unarmed           ||    57
       Headbutt          ||    11
       Dagger            ||    12
 Cast: Beastly Appendage ||    11
       Wereblood         ||     2
Armor: Robe              ||    10
Dodge: Dodged            ||    51

Table legend: (Time is in decaauts)
 A = Elapsed time spent in this place.
 B = Non-inter-level travel time spent in this place.
 C = Inter-level travel time spent in this place.
 D = Time resting spent in this place.
 E = Time spent auto-exploring this place.
 F = Levels seen in this place.
 G = Mean time per level.
                   A        B        C        D        E       F      G
               +--------+--------+--------+--------+--------+-----+--------+
         Total |    872 |    872 |      0 |    330 |    317 |   2 |  436.0 |
       Dungeon |    872 |    872 |      0 |    330 |    317 |   2 |  436.0 |
               +--------+--------+--------+--------+--------+-----+--------+

Top non-repeatable levels by time:
     D:2: 535 daAuts
     D:1: 336 daAuts
